 Dungeon Crawl Stone Soup version 0.18.1-5-g4a78601 (console) character file.

182 Dingbat the Distorting Ant (level 5, 0/41 HPs)
             Began as a Formicid Abyssal Knight on May 14, 2016.
             Was a Believer of Lugonu.
             Succumbed to a scorpion's poison
             ... on level 5 of the Dungeon.
             The game lasted 00:02:45 (703 turns).

Dingbat the Distorting Ant (Formicid Abyssal Knight) Turns: 703, Time: 00:02:46

Health: 0/41       AC:  4    Str: 16    XL:     5   Next: 93%
Magic:  8/8        EV: 11    Int: 13    God:    Lugonu [**....]
Gold:   105        SH:  0    Dex: 10    Spells: 0 memorised, 4 levels left

rFire  . . .     SeeInvis +     d - +3 dagger (drain)
rCold  . . .     Gourm    .     b - +0 leather armour
rNeg   . . .     Faith    .     (no shield)
rPois  .         Spirit   .     (helmet unavailable)
rElec  .         Dismiss  .     (no cloak)
rCorr  .         Reflect  .     (no gloves)
SustAt .         Harm     .     g - +0 pair of boots
MR     .....                    (no amulet)
Stlth  +.........               (no ring)
                                (no ring)

@: lethally poisoned (0 -> -11), not resistant to hostile enchantments, very
unstealthy
A: permanent stasis, dig shafts and tunnels, four strong arms, antennae 3,
evolution 1
a: Dig, Shaft Self, Depart the Abyss, Bend Space, Renounce Religion


You were on level 5 of the Dungeon.
You worshipped Lugonu.
Lugonu was pleased with you.
You were not hungry.

You visited 1 branch of the dungeon, and saw 5 of its levels.
You visited the Abyss 1 time.

You collected 105 gold pieces.

Inventory:

Hand Weapons
 a - a +1 spear
 d - a +3 dagger of draining (weapon)
 f - a +0 short sword of freezing
Armour
 b - a +0 leather armour (worn)
 g - a +0 pair of boots (worn)
Comestibles
 c - 2 bread rations
 h - 3 chunks of flesh


   Skills:
 - Level 3.2 Fighting
 + Level 3.5 Short Blades
 - Level 2.0 Polearms
 - Level 2.1 Armour
 - Level 0.8 Dodging
 + Level 4.9 Invocations


You had 4 spell levels left.
You didn't know any spells.

Dungeon Overview and Level Annotations

Branches:
Dungeon (5/15)
 Temple: D:4-7

Altars:
Okawaru

Annotations:
D:5 exclusion: upstairs


Innate Abilities, Weirdness & Mutations

You are under a permanent stasis effect.
You can dig through walls and to a lower floor.
Your four strong arms can wield two-handed weapons with a shield.
You have a pair of large antennae on your head (SInv).
You evolve.


Message History

Drink which item? (? for menu, Esc to quit)
Okay, then.
There is a lethal amount of poison in your body!
Drink which item? (? for menu, Esc to quit)
It was a potion of beneficial mutation.
You feel nature experimenting on you.
Don't worry, failures die fast.
You feel fantastic!
* * * LOW HITPOINT WARNING * * *
You feel sick.
* * * LOW HITPOINT WARNING * * *
You feel sick.
* * * LOW HITPOINT WARNING * * *
You feel sick.
* * * LOW HITPOINT WARNING * * *
You feel sick.
* * * LOW HITPOINT WARNING * * *
You feel sick.
* * * LOW HITPOINT WARNING * * *
You feel sick.
You die...

#.# # ..#.# # ..#.#.# ##
#.#.#.# #. #.#.#.# #.
#.#.#.# #. #.#.#.# ...
########.#.#.# ####
.......@.#.#.###########
......................[.
##.........#.#######....
#.#########.#########†#
# #..............
#.#.#########.#
#.#.#########.#
#...........#<)
###.#######.#.#


There were no monsters in sight!

Vanquished Creatures
  A scorpion (D:5)
  A hound (D:5)
  An iguana (D:4)
  2 worker ants (D:5)
  An adder (D:2)
  A shadow imp (D:3)
  An adder skeleton (D:5)
  A worm (D:2)
  An orc (D:5)
  A bat (D:2)
  A giant cockroach (D:2)
  2 kobolds
  A ball python (D:2)
  A giant gecko skeleton (D:5)
  3 rats (D:2)
19 creatures vanquished.

Vanquished Creatures (others)
  A kobold (D:3)
1 creature vanquished.

Grand Total: 20 creatures vanquished

Notes
Turn   | Place    | Note
--------------------------------------------------------------
     0 | Abyss:1  | Dingbat the Formicid Abyssal Knight began the quest for the Orb.
     0 | Abyss:1  | Reached XP level 1. HP: 18/18 MP: 2/2
    19 | D:1      | Escaped the Abyss
   201 | D:2      | Found an iron altar of Okawaru.
   248 | D:2      | Reached skill level 1 in Short Blades
   248 | D:2      | Reached XP level 2. HP: 18/24 MP: 3/3
   278 | D:2      | Reached skill level 3 in Invocations
   305 | D:3      | Reached XP level 3. HP: 22/29 MP: 5/5
   380 | D:4      | Reached XP level 4. HP: 17/35 MP: 6/6
   553 | D:5      | Entered Level 5 of the Dungeon
   590 | D:5      | Reached skill level 4 in Invocations
   597 | D:5      | Reached XP level 5. HP: 31/41 MP: 6/8
   618 | D:5      | Reached ** piety under Lugonu
   697 | D:5      | Gained mutation: You evolve. [potion of beneficial mutation]
   700 | D:5      | HP: 2/41 [poisoned by a scorpion]
   703 | D:5      | Succumbed to a scorpion's poison

Skill      XL: |  1  2  3  4 |
---------------+-------------+-----
Short Blades   | 1 2 3 |  3.5
Invocations    | 3 4 |  4.9
Fighting       | |  3.2
Polearms       | |  2.0
Armour         | |  2.1
Dodging        | |  0.8

Action                   |  1- 3 |  4- 6 || total
-------------------------+-------+-------++-------
Melee: Dagger            |    36 |    49 ||    85
 Abil: Dig               |     3 |       ||     3
  Use: Scroll            |       |     3 ||     3
       Potion            |       |     2 ||     2
Armor: Leather armour    |    10 |    15 ||    25
Dodge: Dodged            |    13 |    23 ||    36
